 Dungeon Crawl Stone Soup version 0.14-a0-3405-g7f0333e (webtiles) character file.

329 Kae the Firebug (level 6, 0/32 HPs)
             Began as a Tengu Fire Elementalist on Mar 21, 2014.
             Slain by an orc wizard
             ... wielding a +2,+2 dagger of venom
              (3 damage)
             ... on Level 3 of the Dungeon.
             The game lasted 00:06:16 (3517 turns).

Kae the Firebug (Tengu Fire Elementalist)           Turns: 3517, Time: 00:06:16

HP   0/32        AC  2     Str  8      XL: 6   Next:  5%
MP  11/13        EV 12     Int 17      God:
Gold 94          SH  0     Dex 15      Spells:  3 memorised,  4 levels left

rFire  . . .     SeeInvis .     h - +0 dagger
rCold  . . .     Clarity  .     a - +0 robe
rNeg   . . .     Conserve .     (no shield)
rPois  .         rCorr    .     (helmet restricted)
rElec  .         rRot     .     (no cloak)
SustAb . .       Spirit   .     (no gloves)
rMut   .         Warding  .     (boots unavailable)
Saprov . . .     Stasis   .     (no amulet)
MR     .....                    (no ring)
                                i - ring of invisibility

@: lethally poisoned, not resistant to hostile enchantments, fairly stealthy
A: able to fly, beak, talons 3
a: Fly, Evoke Invisibility


You were on level 3 of the Dungeon.
You were hungry.

You visited 1 branch of the dungeon, and saw 3 of its levels.

You collected 94 gold pieces.

Inventory:

Hand weapons
 h - a +0,+0 dagger (weapon)
Armour
 a - a +0 robe (worn)
Comestibles
 c - 2 bread rations
 f - a meat ration
 p - 14 grapes
 t - a chunk of jackal flesh
Scrolls
 d - a scroll of fog {unknown}
 e - a scroll of blinking {unknown}
 l - a scroll of amnesia {unknown}
 q - a scroll of remove curse {unknown}
 s - a scroll of enchant weapon II {unknown}
 v - a scroll of identify {unknown}
Jewellery
 i - a ring of invisibility (left hand)
Potions
 g - a potion of heal wounds {unknown}
 j - 2 potions of haste {unknown}
 k - a potion of flight {unknown}
 m - a potion of magic {unknown}
 n - a potion of might {unknown}
 o - a potion of restore abilities {unknown}
 r - 3 potions of curing {unknown}
Books
 b - a book of Flames

   Spells                             Type                      Level
   *Flame Tongue                      Conjuration/Fire             1
   *Throw Flame                       Conjuration/Fire             2
   *Conjure Flame                     Conjuration/Fire             3
   Inner Flame                        Hexes/Fire                   3
   Sticky Flame                       Conjuration/Fire             4
   Fireball                           Conjuration/Fire             5


   Skills:
 - Level 2.1 Dodging
 - Level 2.0 Stealth
 + Level 2.9 Spellcasting
 * Level 4.7 Conjurations
 * Level 5.4 Fire Magic


You had 4 spell levels left.
You knew the following spells:

 Your Spells              Type           Power        Failure   Level  Hunger
a - Flame Tongue          Conj/Fire      ###..        2%          1    #......
b - Throw Flame           Conj/Fire      ###...       3%          2    ##.....
c - Conjure Flame         Conj/Fire      ###.....     10%         3    ###....


Dungeon Overview and Level Annotations

Branches:
Dungeon (3/15)

Altars:
Makhleb
Trog

Annotations:
D:2 Sigmund
D:3 TZer0's ghost, average GrEE


Innate Abilities, Weirdness & Mutations

You can fly.
You have a beak for a mouth.
You have claws for feet.


Message History

Confirm with . or Enter, or press ? or * to list all spells.
Aiming: Flame Tongue
Press: ? - help, Shift-Dir - straight line, f - orc wizard
Aim: an orc wizard, wielding a dagger of venom and wearing a robe The flame hits the orc wizard.
The orc wizard appears unharmed.
You feel sick.
You are feeling hungry.
The orc wizard hits you with a dagger of venom!
* * * LOW HITPOINT WARNING * * *
You are more poisoned.
Casting: Flame Tongue
Confirm with . or Enter, or press ? or * to list all spells.
Aiming: Flame Tongue
Press: ? - help, Shift-Dir - straight line, f/p - orc wizard
Aim: an orc wizard, wielding a dagger of venom and wearing a robe The flame hits the orc wizard.
The orc wizard is heavily wounded.
* * * LOW HITPOINT WARNING * * *
You feel sick.
The orc wizard hits you with a dagger of venom.
You die...

#.#..# #.# #. #.#..###.#####.
###............#.
####..............._
##############..%.###..#########.
.......>............#..## ##
.###########........#...# .##
#.<..........#
..##########....@o..##..#
#.........###..)....##..#
..#######.# ##....####..## ###
..# #.# #.##.# #...######.) #.#
#.# #.. .# ##.........# #.# #.#
#.#### ##.######## #.# #%# #.#
#.# #.# #)# #.# #.# #.#######.#
#.# #.#


You could see an orc wizard.

Vanquished Creatures
  A hound (D:2)
  3 orc wizards (D:3)
  4 adders (D:2)
  2 worms (D:2)
  2 giant geckos
  8 orcs (D:3)
  3 giant cockroaches
  8 goblins
  4 hobgoblins
  5 jackals
  8 kobolds
  A ball python (D:3)
  9 bats
  5 giant newts (D:1)
  2 rats (D:1)
65 creatures vanquished.

Notes
Turn   | Place    | Note
--------------------------------------------------------------
     0 | D:1      | Kae, the Tengu Fire Elementalist, began the quest for the Orb.
     0 | D:1      | Reached XP level 1. HP: 10/10 MP: 3/3
   523 | D:1      | Reached XP level 2. HP: 7/15 MP: 1/5
  1541 | D:2      | Reached skill level 4 in Fire Magic
  1541 | D:2      | Reached XP level 3. HP: 17/19 MP: 7/7
  1600 | D:2      | Noticed Sigmund
  1694 | D:2      | Reached XP level 4. HP: 15/24 MP: 3/9
  2117 | D:2      | Found a burning altar of Makhleb.
  2125 | D:2      | HP: 1/24 [hound (5)]
  2126 | D:2      | Reached XP level 5. HP: 1/28 MP: 4/11
  2416 | D:2      | Reached skill level 5 in Fire Magic
  2891 | D:3      | Learned a level 2 spell: Throw Flame
  2895 | D:3      | Learned a level 3 spell: Conjure Flame
  2914 | D:3      | Noticed TZer0's ghost (average GrEE)
  3021 | D:3      | Found a bloodstained altar of Trog.
  3201 | D:3      | Reached XP level 6. HP: 14/32 MP: 5/13
  3517 | D:3      | Slain by an orc wizard

Action                   |  1- 3 |  4- 6 || total
-------------------------+-------+-------++-------
Melee: Unarmed           |     8 |       ||     8
       Dagger            |    61 |    56 ||   117
 Cast: Flame Tongue      |    21 |    65 ||    86
       Throw Flame       |       |     1 ||     1
 Stab: Sleeping          |     1 |     2 ||     3
